 Dungeon Crawl Stone Soup version 0.23-a0-375-g66a18ee0fb (webtiles) character file.

126 LostNumber the Sneak (level 5, 0/32 HPs)
             Began as a Kobold Assassin on Oct 26, 2018.
             Slain by an adder (2 damage)
             ... on level 3 of the Dungeon.
             The game lasted 00:04:37 (3060 turns).

LostNumber the Sneak (Kobold Assassin)              Turns: 3060, Time: 00:04:38

Health: 0/32       AC:  5    Str:  8 (10) XL:     5   Next: 32%
Magic:  5/5        EV: 13    Int:  9 (12) God:
Gold:   190        SH:  0    Dex: 14 (16) Spells: 4/4 levels left

rFire    . . .     SeeInvis .   h - +0 hand axe (venom)
rCold    . . .     Gourm    .   (shield restricted)
rNeg     . . .     Faith    .   o - +1 leather armour {rPois}
rPois    +         Spirit   .   (no helmet)
rElec    .         Reflect  .   d - +0 cloak
rCorr    .         Harm     .   (no gloves)
MR       .....                  (no boots)
Stlth    +++.......             (no amulet)
HPRegen  0.10/turn              (no ring)
MPRegen  0.09/turn              (no ring)

@: lethally poisoned (0 -> -5)
A: small, carnivore
a: no special abilities


You were on level 3 of the Dungeon.
You were completely stuffed.

You visited 1 branch of the dungeon, and saw 3 of its levels.

You collected 190 gold pieces.

Inventory:

Hand Weapons
 a - a +2 dagger
 b - a +0 blowgun
 h - a +0 hand axe of venom (weapon)
Missiles
 e - 26 poisoned needles
 f - 2 curare-tipped needles
Armour
 c - a +0 robe
 d - a +0 cloak (worn)
 j - a +0 scale mail
 o - a +1 leather armour of poison resistance (worn)
Jewellery
 r - a cursed amulet of inaccuracy {unknown}
 t - an uncursed ring of protection from cold {unknown}
Wands
 p - a wand of paralysis (9)
Scrolls
 i - 7 scrolls of identify {unknown}
 k - a scroll of noise {unknown}
 l - a scroll of enchant armour {unknown}
 m - 3 scrolls of fear {unknown}
 n - 4 scrolls of remove curse {unknown}
Potions
 s - a potion of curing {unknown}
Comestibles
 g - 3 rations


   Skills:
 + Level 3.6 Fighting
 + Level 4.5 Short Blades
 - Level 2.1 Throwing
 - Level 1.2 Dodging
 + Level 6.6 Stealth


You had 4 spell levels left.
You didn't know any spells.
Your spell library was empty.

Dungeon Overview and Level Annotations

Branches:
Dungeon (3/15)

Altars:
Dithmenos

Annotations:
D:3 Sigmund


Innate Abilities, Weirdness & Mutations

You are small and have problems with some larger weapons.
You are carnivorous and can eat meat at any time.


Message History

You closely miss Sigmund.
Sigmund is heavily wounded.
You hit the orc but do no damage.
The orc is poisoned.
You completely miss the adder. You hit the ooze.
You feel sick. The adder bites you but does no damage.
Sigmund hits you with a +4 scythe of venom.
* * * LOW HITPOINT WARNING * * *
The orc hits you.
* * * LOW HITPOINT WARNING * * *
The ooze barely misses you. The adder barely misses you.
Unknown command.
Okay, then.
It was a potion of degeneration.
There was something very wrong with that liquid.
You feel weakened.
You feel dopey.
You feel clumsy. The orc barely misses you.
Sigmund hits you with a +4 scythe of venom.
* * * LOW HITPOINT WARNING * * *
The adder bites you.
You die...

#####..###..
####.#### ##..###..
#.......# #.#..##..
#.......# ##.##.##..
#.......# #..##.....
#.......####..#####..
#.......#.....# #..
#..J....#.###.# #..
#.o@@...#.#...# #..
#..oS...#.#>..# ##.
.....ro........#..
###.
..............##..
#... ....##.......##
..##.... ....
###.....# #..... ...
##...... ..#... ..
.....### ###...
...##.# .....


You could see Sigmund, an ooze, an adder, 3 orcs and a rat.

Vanquished Creatures
  4 adders (D:2)
  3 gnolls (D:3)
  3 worms (D:2)
  A dart slug (D:2)
  2 orcs (D:3)
  3 bats
  6 giant cockroaches
  2 goblins
  3 hobgoblins (D:2)
  10 kobolds
  2 quokkas (D:2)
  3 ball pythons
  4 frilled lizards
  4 rats
50 creatures vanquished.

Notes
Turn   | Place    | Note
-------+----------+-------------------------------------------
     0 | D:1      | LostNumber the Kobold Assassin began the quest for the Orb.
     0 | D:1      | Reached XP level 1. HP: 12/12 MP: 1/1
   204 | D:1      | Reached XP level 2. HP: 18/18 MP: 2/2
   939 | D:2      | Reached XP level 3. HP: 18/22 MP: 3/3
  1169 | D:2      | Found a shadowy altar of Dithmenos.
  1207 | D:2      | Reached skill level 6 in Stealth
  1227 | D:2      | Reached XP level 4. HP: 14/28 MP: 4/4
  2678 | D:3      | Reached XP level 5. HP: 26/32 MP: 5/5
  3046 | D:3      | Noticed Sigmund
  3060 | D:3      | Slain by an adder

Vault maps used:
D:1:      co_arrival_square_in_a_square_in_a_square
D:2:      first_ration, supply_closet_lemuel,
          nicolae_dithmenos_through_a_glass_darkly
D:3:      chequers_serial_rivers_micro_b, okawaru_trees_1, uniq_sigmund,
          uniq_crazy_yiuf_cottage

Skill      XL: |  1  2  3  4 |
---------------+-------------+-----
Short Blades   | 3 4 |  4.5
Fighting       | 3 |  3.6
Stealth        | 6 |  6.6
Throwing       | |  2.1
Dodging        | |  1.2

Action                   |  1- 3 |  4- 6 || total
-------------------------+-------+-------++-------
Melee: Hand axe          |    58 |    85 ||   143
  Use: Potion            |       |     1 ||     1
 Stab: Sleeping          |    14 |     4 ||    18
       Distracted        |       |     1 ||     1
  Eat: Chunk             |     9 |     6 ||    15
Armor: Robe              |     7 |       ||     7
       Leather armour    |     8 |    27 ||    35
Dodge: Dodged            |    37 |    91 ||   128

Table legend:
 A = Non-vault XP
 B = Vault XP
 C = Vault XP percentage of total XP
 D = Non-vault monster count
 E = Vault monster count
 F = Vault count percentage of total count
                 A         B        C        D         E       F
            +---------+---------+-------+---------+---------+-------
      Total |     181 |       0 |   0.0 |      50 |       0 |   0.0
            +---------+---------+-------+---------+---------+-------
        D:1 |      24 |       0 |   0.0 |      15 |       0 |   0.0
        D:2 |     106 |       0 |   0.0 |      28 |       0 |   0.0
        D:3 |      51 |       0 |   0.0 |       7 |       0 |   0.0
            +---------+---------+-------+---------+---------+-------
